 Dungeon Crawl Stone Soup version 0.23-a0-305-g7ffd15e (webtiles) character file.

56536 MisterFreud the Grappler (level 14, -2/130 HPs)
             Began as a Troll Monk on Oct 9, 2018.
             Was the Champion of Cheibriados.
             Slain by an eight-headed hydra (14 damage)
             ... on level 6 of the Lair of Beasts.
             The game lasted 00:54:52 (17526 turns).

MisterFreud the Grappler (Troll Monk)              Turns: 17526, Time: 00:54:55

Health: -2/130     AC: 10    Str: 37    XL:     14   Next: 42%
Magic:  19/19      EV: 23    Int: 24    God:    Cheibriados [******]
Gold:   1737       SH:  2    Dex: 28    Spells: 12/13 levels left

rFire    . . .     SeeInvis .     - Unarmed
rCold    . . .     Gourm    +   (no shield)
rNeg     . . .     Faith    .   p - +2 robe {Archmagi}
rPois    .         Spirit   .   (helmet restricted)
rElec    .         Reflect  +   h - +2 cloak
rCorr    .         Harm     .   (gloves unavailable)
MR       ++...                  (boots unavailable)
Stlth    ++........             j - +2 amulet of reflection
HPRegen  0.71/turn              F - +3 ring of evasion
MPRegen  0.16/turn              J - ring of protection from magic

@: very slow
A: large, unfitting armour, claws 3, fast metabolism 3, gourmand, regeneration
1, shaggy fur 1, tough skin 2
a: Bend Time, Temporal Distortion, Slouch, Step From Time, Renounce Religion


You were on level 6 of the Lair of Beasts.
You worshipped Cheibriados.
Cheibriados was exalted by your worship.
You were completely stuffed.

You visited 3 branches of the dungeon, and saw 21 of its levels.

You collected 1977 gold pieces.
You spent 240 gold pieces at shops.

Inventory:

Missiles
 c - 598 stones
 l - 2 tomahawks of returning
 x - 13 tomahawks
 C - 14 large rocks (quivered)
 O - 3 steel tomahawks
Armour
 a - a +0 robe
 h - a +2 cloak (worn)
 p - a +2 robe of the Archmagi (worn)
 q - a +0 robe of fire resistance
Jewellery
 j - a +2 amulet of reflection (around neck)
 F - a +3 ring of evasion (left claw)
 G - an uncursed ring of ice
 J - a ring of protection from magic (right claw)
 K - a +5 ring of dexterity
Wands
 k - a wand of paralysis (10)
 m - a wand of polymorph (17)
 n - a wand of flame (109)
 r - a wand of scattershot (8)
 w - a wand of acid (5)
 E - a wand of digging (30)
Scrolls
 d - 5 scrolls of enchant armour
 i - 13 scrolls of remove curse
 s - a scroll of teleportation
 y - 3 scrolls of fog
 A - 4 scrolls of amnesia
 D - 2 scrolls of magic mapping
 H - a scroll of silence
 I - 6 scrolls of identify
 L - a scroll of immolation
Potions
 e - 2 potions of brilliance
 f - 2 potions of resistance
 o - 5 potions of might
 t - a potion of heal wounds
 v - 2 potions of flight
 z - 3 potions of curing
 B - 2 potions of agility
 N - a potion of mutation
Miscellaneous
 M - 2 sacks of spiders
Comestibles
 b - 40 rations
 g - 3 chunks of flesh


   Skills:
 - Level 6.0 Fighting
 + Level 11.2 Throwing
 - Level 10.0 Dodging
 - Level 1.0 Stealth
 - Level 14.0 Unarmed Combat
 - Level 2.0 Hexes
 - Level 8.0 Invocations
 - Level 6.0 Evocations


You had 12 spell levels left.
You knew the following spells:

 Your Spells              Type           Power        Failure   Level  Hunger
a - Confusing Touch       Hex            ##....       6%          1    ##.....

Your spell library contained the following spells:

 Spells                   Type           Power        Failure   Level  Hunger
 Animate Skeleton         Necr           N/A          14%         1    ##.....
 Apportation              Tloc           #.....       14%         1    ##.....
 Beastly Appendage        Tmut           #.....       14%         1    ##.....
 Summon Butterflies       Summ           #.......     14%         1    ##.....
 Summon Small Mammal      Summ           #...         14%         1    ##.....
 Confuse                  Hex            ##......     19%         3    ####...
 Sticks to Snakes         Tmut           #.......     22%         2    ###....
 Call Canine Familiar     Summ           #.......     41%         3    ####...
 Gell's Gravitas          Tloc           #.........   41%         3    ####...
 Spider Form              Tmut/Pois      #.........   41%         3    ####...
 Ice Form                 Ice/Tmut       #.......     82%         4    #####..
 Petrify                  Tmut/Erth      #.......     82%         4    #####..
 Summon Ice Beast         Ice/Summ       #.......     82%         4    #####..
 Summon Lightning Spire   Summ/Air       #.......     82%         4    #####..
 Metabolic Englaciation   Hex/Ice        #.........   95%         5    ######.
 Silence                  Hex/Air        #.........   95%         5    ######.
 Summon Mana Viper        Hex/Summ       #.......     95%         5    ######.
 Yara's Violent Unravell  Hex/Tmut       #.........   95%         5    ######.
 Blade Hands              Tmut           #.........   99%         5    ######.
 Conjure Ball Lightning   Conj/Air       #.........   100%        6    #######
 Deflect Missiles         Chrm/Air       #.........   100%        6    #######
 Summon Hydra             Summ           #.........   100%        7    #######
 Tornado                  Air            #.........   100%        9    #######


Dungeon Overview and Level Annotations

Branches:
Dungeon (13/15)            Temple (0/1) D:5            Lair (6/6) D:8
 Shoals (0/4) Lair:2       Spider (0/4) Lair:4          Orc (2/2) D:9
    Elf (0/3) Orc:2        Vaults (0/5) D:13
  Slime: Lair:5-6

Altars:
Cheibriados
Gozag
Makhleb
Nemelex Xobeh
Qazlal
Ru
Sif Muna
Trog
Wu Jian
Xom
Yredelemnul
The Shining One
Beogh

Shops:
D:5 :(}}   D:7 (=   D:9 [   Orc:2 %:[(

Annotations:
D:5 3 runed doors, epen's ghost, novice GnTm
D:8 3 runed doors, Dissent's ghost, novice DsWn
Orc:2 Saint Roka


Innate Abilities, Weirdness & Mutations

You are too large for most types of armour.
You have claws for hands.
Your metabolism is lightning-fast.
You like to eat raw meat.
Your natural rate of healing is unusually fast.
You are covered in fur. (AC +1)
You have very tough skin. (AC +2)


Message History

Aim: an eight-headed hydra (moderately wounded)
You throw a large rock.
The large rock hits the eight-headed hydra!!!
The eight-headed hydra is almost dead.
The eight-headed hydra misses you.
The eight-headed hydra barely misses you.
The eight-headed hydra misses you.
The eight-headed hydra completely misses you.
The eight-headed hydra barely misses you.
The eight-headed hydra bites you.
The eight-headed hydra closely misses you. x2
The water moccasin closely misses you. The eight-headed hydra misses you.
The eight-headed hydra bites you!
* * * LOW HITPOINT WARNING * * *
The eight-headed hydra misses you. The eight-headed hydra bites you!
* * * LOW HITPOINT WARNING * * *
The eight-headed hydra bites you!
* * * LOW HITPOINT WARNING * * *
The eight-headed hydra bites you!
You die...

..........(...........
........................
......................Y.
........................
.....................YY.
................$.......
.....(..............Y...
#.......†S.............
###((.†@..............
#..††.D.....#.......
#........#.#.........
............#.....#....
#...................###P
.....................
......................
.♣♣♣....♣...♣♣... ♣♣..♣
♣♣♣♣ ♣.


You could see an eight-headed hydra and a water moccasin.

Vanquished Creatures
  A stone giant (Orc:2)
  Josephine (Orc:2)
  An ogre mage (D:13)
  A hydra (D:12)
  A centaur warrior (D:13)
  8 two-headed ogres
  A catoblepas (D:13)
  2 dancing weapons (D:13)
  An orc high priest (Orc:2)
  An unseen horror (D:10)
  5 skeletal warriors (D:12)
  An orb spider (Lair:4)
  Pikel (D:7)
  A deep elf mage (D:13)
  2 ugly things (D:11)
  2 cyclopes
  A manticore (D:12)
  A merfolk siren (Lair:2)
  5 black mambas
  2 gargoyles
  8 spiny frogs
  3 komodo dragons
  4 rime drakes
  The ghost of eyesofgods1 the Skirmisher, an amateur OgBe of Trog (D:4)
  A queen bee (Lair:4)
  2 tengu conjurers (D:13)
  2 polar bears
  7 trolls
  3 meliai (Lair:4)
  Prince Ribbit (D:7)
  7 blink frogs
  A blink frog (shapeshifter) (D:9)
  11 slime creatures
  10 hippogriffs
  5 wraiths
  2 shadows
  42 yaks
  3 wyverns
  A vampire (D:11)
  A basilisk (Lair:5)
  6 wargs
  12 water moccasins
  Duvessa (D:7)
  9 porcupines
  4 sky beasts
  An ice beast (D:12)
  24 orc warriors
  11 ogres
  2 necrophages
  3 phantoms
  9 wolves
  5 centaurs
  9 crocodiles
  A big kobold (D:8)
  11 bullfrogs
  4 wyvern zombies
  Dowan (D:7)
  A wyvern skeleton (D:8)
  3 scorpions
  30 killer bees
  9 wights (D:6)
  6 howler monkeys
  2 bullfrog zombies
  4 jellies
  A centaur zombie (D:9)
  6 crimson imps
  11 hounds
  3 quasits
  6 centaur skeletons
  31 orc wizards
  16 orc priests
  2 bullfrog skeletons
  8 iguanas
  6 worker ants
  2 hound zombies
  3 worker ant zombies
  4 gnolls (D:4)
  14 adders
  2 shadow imps
  An ooze (D:1)
  2 adder zombies
  An adder skeleton (D:6)
  A worm (D:2)
  A dart slug (D:1)
  10 leopard geckos
  91 orcs
  7 giant cockroaches
  8 goblins
  6 hobgoblins
  10 jackals
  5 quokkas
  4 ball pythons
  11 bats
  6 frilled lizards
  14 kobolds
  A quokka skeleton (D:5)
  9 rats
  A butterfly (Lair:6)
626 creatures vanquished.

Vanquished Creatures (others)
  9 fungi
  16 plants (Lair:6)
25 creatures vanquished.

Grand Total: 651 creatures vanquished

Notes
Turn   | Place    | Note
-------+----------+-------------------------------------------
     0 | D:1      | MisterFreud the Troll Monk began the quest for the Orb.
     0 | D:1      | Reached XP level 1. HP: 22/22 MP: 0/0
    91 | D:1      | Reached XP level 2. HP: 29/29 MP: 1/1
   222 | D:1      | Reached skill level 4 in Unarmed Combat
   413 | D:1      | Reached XP level 3. HP: 36/36 MP: 2/2
   981 | D:2      | Found a glowing golden altar of the Shining One.
  1135 | D:2      | Found a sparkling altar of Nemelex Xobeh.
  1217 | D:2      | Reached XP level 4. HP: 44/44 MP: 3/3
  1333 | D:2      | Found a bloodstained altar of Trog.
  1493 | D:3      | Reached skill level 5 in Unarmed Combat
  1631 | D:3      | Found a stormy altar of Qazlal.
  1632 | D:3      | Found an ornate altar of the Wu Jian Council.
  1632 | D:3      | Found a shimmering altar of Xom.
  1632 | D:3      | Found a burning altar of Makhleb.
  2033 | D:4      | Noticed a phantom
  2067 | D:4      | Killed a phantom
  2067 | D:4      | Reached skill level 6 in Unarmed Combat
  2067 | D:4      | Reached XP level 5. HP: 50/50 MP: 4/4
  2197 | D:4      | Reached XP level 6. HP: 59/59 MP: 5/5
  2236 | D:4      | Reached skill level 7 in Unarmed Combat
  2325 | D:4      | Found a runed door.
  2332 | D:4      | Noticed eyesofgods1's ghost (amateur OgBe)
  2372 | D:4      | Killed eyesofgods1's ghost
  2372 | D:4      | Reached skill level 8 in Unarmed Combat
  2372 | D:4      | Reached XP level 7. HP: 18/66 MP: 6/6
  2507 | D:5      | Entered Level 5 of the Dungeon
  2507 | D:5      | Found Jijic's Antique Weapon Boutique.
  2594 | D:5      | Found a snail-covered altar of Cheibriados.
  2599 | D:5      | Became a worshipper of Cheibriados the Contemplative
  2599 | D:5      | Reached * piety under Cheibriados
  2599 | D:5      | Reached ** piety under Cheibriados
  2630 | D:5      | Found Afyshaq's Gadget Emporium.
  2647 | D:5      | HP: 1/66 [phantom (8)]
  2811 | D:5      | Reached XP level 8. HP: 53/74 MP: 7/7
  2861 | D:5      | Found Zaphumuo's Gadget Shop.
  2867 | D:5      | Reached skill level 5 in Dodging
  2911 | D:5      | Found a staircase to the Ecumenical Temple.
  2915 | D:5      | Found Niulishru's Book Shoppe.
  3058 | D:5      | Found a runed gate.
  3058 | D:5      | Found a runed gate.
  3059 | D:5      | Found a runed gate.
  3060 | D:5      | Noticed epen's ghost (novice GnTm)
  3284 | D:6      | Reached skill level 1 in Invocations
  3355 | D:6      | Reached skill level 9 in Unarmed Combat
  3442 | D:6      | Reached *** piety under Cheibriados
  3776 | D:6      | Reached XP level 9. HP: 77/80 MP: 10/10
  4157 | D:7      | Reached **** piety under Cheibriados
  4176 | D:7      | Noticed Prince Ribbit
  4189 | D:7      | Killed Prince Ribbit
  4189 | D:7      | Reached skill level 10 in Unarmed Combat
  4218 | D:7      | Noticed Duvessa
  4218 | D:7      | Noticed Dowan
  4229 | D:7      | Killed Duvessa
  4240 | D:7      | Killed Dowan
  4240 | D:7      | Reached skill level 5 in Invocations
  4265 | D:7      | Found Ehemoar's Antique Weapon Shop.
  4347 | D:7      | Found Lucowitu's Jewellery Boutique.
  4523 | D:7      | Noticed Pikel
  4526 | D:7      | Killed Pikel
  4532 | D:7      | Reached skill level 1 in Throwing
  4728 | D:8      | Found a runed gate.
  4729 | D:8      | Found an opulent altar of Gozag.
  4729 | D:8      | Noticed Dissent's ghost (novice DsWn)
  4730 | D:8      | Found a runed gate.
  4730 | D:8      | Found a runed gate.
  4730 | D:8      | Noticed a centaur warrior
  4758 | D:8      | Reached XP level 10. HP: 82/88 MP: 13/13
  4768 | D:8      | Reached ***** piety under Cheibriados
  4814 | D:8      | Reached skill level 5 in Throwing
  4975 | D:8      | Found a staircase to the Lair.
  4999 | D:8      | Found a deep blue altar of Sif Muna.
  5187 | D:8      | Found an opulent altar of Gozag.
  5233 | D:8      | Found a bloodstained altar of Trog.
  5415 | D:5      | Bought a book of Cantrips for 240 gold pieces
  5417 | D:5      | Learned a level 1 spell: Confusing Touch
  5511 | Lair:1   | Entered Level 1 of the Lair of Beasts
  5579 | Lair:1   | Reached skill level 1 in Hexes
  5697 | Lair:1   | Reached skill level 5 in Fighting
  5809 | Lair:1   | Noticed a spiny frog
  5822 | Lair:1   | Killed a spiny frog
  5822 | Lair:1   | Reached XP level 11. HP: 94/105 MP: 14/14
  7005 | Lair:2   | Reached ****** piety under Cheibriados
  7041 | Lair:2   | Reached skill level 11 in Unarmed Combat
  7163 | Lair:2   | Found a staircase to the Shoals.
  8314 | Lair:4   | Found a basalt altar of Yredelemnul.
  8503 | Lair:4   | Found a hole to the Spider Nest.
  8503 | Lair:4   | Noticed an orb spider
  8673 | Lair:4   | Reached skill level 12 in Unarmed Combat
  8673 | Lair:4   | Reached XP level 12. HP: 66/114 MP: 15/15
  9665 | Lair:5   | Reached skill level 10 in Dodging
  9928 | Lair:5   | Reached skill level 1 in Evocations
 10167 | Lair:6   | Entered Level 6 of the Lair of Beasts
 10231 | Lair:6   | Noticed a seven-headed hydra
 11118 | D:9      | Found Jyvom's Armour Emporium.
 11120 | D:9      | Found a staircase to the Orcish Mines.
 11412 | D:10     | Entered Level 10 of the Dungeon
 11522 | D:10     | Found a sacrificial altar of Ru.
 11896 | D:10     | Reached skill level 5 in Evocations
 12278 | D:11     | Reached XP level 13. HP: 114/120 MP: 18/18
 14243 | D:13     | Reached skill level 13 in Unarmed Combat
 14403 | D:13     | Found a gate to the Vaults.
 14924 | D:13     | Reached XP level 14. HP: 62/130 MP: 19/19
 14962 | D:13     | HP: 3/130 [death knight/battleaxe (28)]
 15423 | Orc:1    | Entered Level 1 of the Orcish Mines
 15804 | Orc:1    | Reached skill level 14 in Unarmed Combat
 15939 | Orc:2    | Entered Level 2 of the Orcish Mines
 15972 | Orc:2    | Found a roughly hewn altar of Beogh.
 15984 | Orc:2    | Found Pashieg's Book Shoppe.
 16022 | Orc:2    | Noticed Josephine
 16048 | Orc:2    | Killed Josephine
 16051 | Orc:2    | Reached skill level 10 in Throwing
 16264 | Orc:2    | Noticed a stone giant
 16275 | Orc:2    | Killed a stone giant
 16351 | Orc:2    | Found a roughly hewn altar of Beogh.
 16449 | Orc:2    | Found a roughly hewn altar of Beogh.
 16480 | Orc:2    | Found a staircase to the Elven Halls.
 16533 | Orc:2    | Found a roughly hewn altar of Beogh.
 16533 | Orc:2    | Found Oxzep's Food Shoppe.
 16670 | Orc:2    | Found a roughly hewn altar of Beogh.
 16796 | Orc:2    | Noticed Saint Roka
 17040 | Orc:2    | Found Leegg's Antique Armour Boutique.
 17040 | Orc:2    | Found a roughly hewn altar of Beogh.
 17041 | Orc:2    | Found Said Agoef's Antique Weapon Shop.
 17526 | Lair:6   | Slain by an eight-headed hydra

Vault maps used:
D:1:      minmay_arrival_solitary_statue, glass_columns_a
D:2:      nicolae_tso_carved_into_rock, lightli_temple_of_fire,
          nemelex_xobeh_ov_fountains_minmay
D:3:      chequers_temple_overflow_statue_of_worship
D:4:      first_ration, ebering_ghost_sewer_d
D:5:      kennysheep_little_box, minmay_temple_entry_statues_pillars,
          serial_shops, nicolae_shop_crystal, shop, shop, shop,
          gammafunk_ghost_necromancy
D:6:      minmay_misc_feat_enclosed, hangedman_decor_diamond_cutter
D:7:      serial_shops, shop, kennysheep_mini, uniq_duvessa, uniq_pikel,
          uniq_prince_ribbit1
D:8:      lemuel_coloured_pillars_altar, led_sif_pool, erik_lair_island,
          ebering_ghost_gozag, blue_anna_alchemist, trog_butcher_becter
D:9:      orc_david_3, kennysheep_small_square
D:10:     basic_altar
D:11:     minmay_misc_feat_nine_boxes
D:13:     erik_vaults_1, lemuel_tele_altar
Lair:1:   lightli_volcano_entry_magma_tube, serial_bayou_pond_d
Lair:2:   minmay_shoals_entry_lonely_mermaid
Lair:4:   nicolae_spider_entry_orb_guardian, basic_altar, lab_entry_generic,
          minivault_24, lemuel_fruit_fields, lemuel_fruit_tree
Lair:5:   lemuel_fruit_fields
Lair:6:   evil_forest, minmay_slime_entry_pillars, infiniplex_staircase_pool_2,
          minmay_lair_oklob_chamber, lemuel_fruit_fields
Orc:1:    nicolae_orc_flooded_monolith, mines5_lemuel
Orc:2:    grunt_orc_community_town_hall, grunt_orc_community_big_house_2,
          grunt_orc_community_big_house_1, grunt_orc_community_house_3,
          grunt_orc_community_house_1, grunt_orc_community_house_3,
          grunt_orc_community_house_1, nicolae_orc_lava_room, uniq_josephine

Skill      XL: |  1  2  3  4  5  6  7  8  9 10 11 12 13 14 |
---------------+-------------------------------------------+-----
Unarmed Combat | 4 6 8 9 10 12 13 14 | 14.0
Dodging        | 4 6 8 10 | 10.0
Invocations    | 3 6 8 |  8.0
Throwing       | 3 6 9 11 | 11.2
Fighting       | 6 |  6.0
Hexes          | 2 |  2.0
Evocations     | 5 6 |  6.0
Stealth        | |  1.0

Action                   |  1- 3 |  4- 6 |  7- 9 | 10-12 | 13-15 || total
-------------------------+-------+-------+-------+-------+-------++-------
Melee: Unarmed           |   108 |   117 |   266 |   528 |   538 ||  1557
       Punch             |     2 |     4 |    15 |    51 |    51 ||   123
Throw: Throwing net      |       |       |     1 |       |       ||     1
       Tomahawk          |       |       |       |    19 |       ||    19
       Large rock        |       |       |       |     3 |    20 ||    23
 Cast: Confusing Touch   |       |       |       |     5 |     1 ||     6
Invok: Slouch            |       |       |       |     4 |     9 ||    13
Evoke: Wand              |       |       |       |     2 |     3 ||     5
  Use: Scroll            |     1 |     8 |     5 |    10 |    10 ||    34
       Potion            |       |     1 |     1 |       |     6 ||     8
 Stab: Sleeping          |     2 |     1 |     2 |    12 |     2 ||    19
       Held in net/web   |       |       |     1 |       |       ||     1
       Confused          |       |       |       |     1 |       ||     1
       Distracted        |       |       |       |     2 |       ||     2
       Invisible         |       |       |       |       |     5 ||     5
  Eat: Chunk             |    16 |    11 |    15 |    53 |    37 ||   132
Armor: Robe              |    53 |    43 |    86 |   105 |    61 ||   348
Dodge: Dodged            |    61 |    47 |   162 |   414 |   500 ||  1184
Block: Other             |       |     6 |    19 |    22 |    30 ||    77
       Reflection        |       |       |     1 |       |       ||     1

Table legend:
 A = Non-vault XP
 B = Vault XP
 C = Vault XP percentage of total XP
 D = Non-vault monster count
 E = Vault monster count
 F = Vault count percentage of total count
                 A         B        C        D         E       F
            +---------+---------+-------+---------+---------+-------
      Total |   63457 |   17309 |  21.4 |     480 |     145 |  23.2
            +---------+---------+-------+---------+---------+-------
        D:1 |      48 |       0 |   0.0 |      25 |       0 |   0.0
        D:2 |      52 |       0 |   0.0 |      26 |       0 |   0.0
        D:3 |      44 |       0 |   0.0 |      18 |       0 |   0.0
        D:4 |     311 |     470 |  60.2 |      18 |       4 |  18.2
        D:5 |    1082 |       0 |   0.0 |      25 |       0 |   0.0
        D:6 |    1188 |       0 |   0.0 |      30 |       0 |   0.0
        D:7 |     506 |    1121 |  68.9 |      15 |       4 |  21.1
        D:8 |    2002 |    1077 |  35.0 |      31 |      13 |  29.5
        D:9 |    2324 |     265 |  10.2 |      22 |       8 |  26.7
       D:10 |    2812 |       0 |   0.0 |      28 |       0 |   0.0
       D:11 |    5610 |       0 |   0.0 |      31 |       0 |   0.0
       D:12 |    7035 |       0 |   0.0 |      35 |       0 |   0.0
       D:13 |   14773 |    1808 |  10.9 |      43 |       2 |   4.4
     Lair:1 |    3932 |       0 |   0.0 |      23 |       0 |   0.0
     Lair:2 |    4116 |     490 |  10.6 |      18 |       1 |   5.3
     Lair:3 |     542 |       0 |   0.0 |       4 |       0 |   0.0
     Lair:4 |    5602 |    3123 |  35.8 |      23 |      26 |  53.1
     Lair:5 |    3358 |       0 |   0.0 |      16 |       0 |   0.0
     Lair:6 |    3623 |    1631 |  31.0 |      12 |       6 |  33.3
      Orc:1 |    1887 |    1291 |  40.6 |      13 |      10 |  43.5
      Orc:2 |    2610 |    6033 |  69.8 |      24 |      71 |  74.7
            +---------+---------+-------+---------+---------+-------
